 Dungeon Crawl Stone Soup version 0.24.0-13-gcf9b3192b9 (webtiles) character file.

Game seed: 15833961282615622621, levelgen mode: deterministic

522 Granthy the Cleaver (level 7, 0/57 HPs)
             Began as a Minotaur Fighter on Nov 10, 2019.
             Slain by a hornet zombie (5 damage)
             ... on level 5 of the Dungeon.
             The game lasted 00:07:14 (4228 turns).

Granthy the Cleaver (Minotaur Fighter)              Turns: 4228, Time: 00:07:15

Health: 0/57       AC:  6    Str: 22    XL:     7   Next: 1%
Magic:  6/6        EV:  8    Int:  5    God:
Gold:   186        SH:  9    Dex: 10    Spells: 6/6 levels left

rFire    . . .     SeeInvis .   a - +0 war axe
rCold    . . .     Gourm    .   c - +0 shield
rNeg     . . .     Faith    .   b - +0 scale mail
rPois    .         Spirit   .   (helmet restricted)
rElec    .         Reflect  .   (no cloak)
rCorr    .         Harm     .   (no gloves)
MR       .....                  (no boots)
Stlth    ..........             (no amulet)
HPRegen  0.19/turn              (no ring)
MPRegen  0.10/turn              (no ring)

@: no status effects
A: retaliatory headbutt, horns 2
a: no special abilities


You were on level 5 of the Dungeon.
You were not hungry.

You visited 1 branch of the dungeon, and saw 5 of its levels.

You collected 186 gold pieces.

Inventory:

Hand Weapons
 a - a +0 war axe (weapon)
Armour
 b - a +0 scale mail (worn)
 c - a +0 shield (worn)
 p - a +0 scale mail
Jewellery
 e - a cursed ring of teleportation {unknown}
Scrolls
 g - a scroll of remove curse
 h - 2 scrolls of magic mapping
 i - 2 scrolls of teleportation
 k - 2 scrolls of fog
Potions
 d - a potion of might
 j - 5 potions of curing {unknown}
 l - 2 potions of berserk rage {unknown}
 m - 2 potions of heal wounds {unknown}
 n - a potion of brilliance {unknown}
Comestibles
 f - 8 rations
 o - 4 chunks of flesh


   Skills:
 - Level 3.6 Fighting
 * Level 9.1 Axes
 - Level 3.6 Armour
 - Level 1.0 Dodging
 - Level 3.6 Shields


You had 6 spell levels left.
You didn't know any spells.
Your spell library was empty.

Dungeon Overview and Level Annotations

Branches:
Dungeon (5/15)
 Temple: D:4-7

Altars:
Cheibriados
Hepliaklqana
Makhleb
Vehumet
Zin
The Shining One

Annotations:
D:3 2 transporters


Innate Abilities, Weirdness & Mutations

You reflexively headbutt those who attack you in melee.
You have a pair of horns on your head.


Message History

You hit the hornet zombie but do no damage.
Your headbutt misses the hornet zombie.
The hornet zombie is heavily damaged.
You block the hornet zombie's attack. x2
You hit the hornet zombie but do no damage.
The hornet zombie is heavily damaged.
The hornet zombie hits you!
* * * LOW HITPOINT WARNING * * *
You hit the hornet zombie but do no damage.
You headbutt the hornet zombie!
The hornet zombie is heavily damaged.
The hornet zombie hits you!
* * * LOW HITPOINT WARNING * * *
You hit the hornet zombie.
The hornet zombie is severely damaged.
You block the hornet zombie's attack. The hornet zombie barely misses you.
You barely miss the hornet zombie. You headbutt the hornet zombie!
The hornet zombie is almost destroyed.
The hornet zombie hits you.
You die...

.....<..##.#####........
......#.##..............
......#.########........
......#.########...[....
......#.#...............
......#รท#.#####.########
#.#####.# #.# #.# #.#
#.########.## #.#####.#
#.@Z........# #.#.....#
####......... #.#.#####
.......?....... #.#.#
..####......... ....#
#......... ....#
#....(.... ....#
########## ....# #.#.#


You could see a hornet zombie.

Vanquished Creatures
  A necrophage (D:3)
  A centaur (D:5)
  A scorpion (D:4)
  An orc priest (D:4)
  A hound (D:5)
  2 worker ants (D:4)
  4 gnolls (D:2)
  5 adders
  2 oozes
  3 worms
  3 dart slugs
  3 leopard geckos
  5 orcs
  6 giant cockroaches
  12 goblins
  11 hobgoblins
  5 jackals (D:1)
  12 kobolds
  A quokka (D:3)
  2 ball pythons
  4 bats
  4 frilled lizards
  7 rats
96 creatures vanquished.

Notes
Turn   | Place    | Note
-------+----------+-------------------------------------------
     0 | D:1      | Granthy the Minotaur Fighter began the quest for the Orb.
     0 | D:1      | Reached XP level 1. HP: 19/19 MP: 0/0
   138 | D:1      | Reached skill level 3 in Axes
   143 | D:1      | Reached XP level 2. HP: 16/26 MP: 1/1
   355 | D:1      | Reached skill level 4 in Axes
   630 | D:1      | Reached XP level 3. HP: 31/31 MP: 2/2
  1302 | D:2      | Found a snail-covered altar of Cheibriados.
  1308 | D:2      | Reached skill level 5 in Axes
  1534 | D:2      | Reached XP level 4. HP: 39/39 MP: 3/3
  1535 | D:2      | Found a hazy altar of Hepliaklqana.
  1699 | D:2      | Found a radiant altar of Vehumet.
  1703 | D:2      | Found a glowing silver altar of Zin.
  1782 | D:2      | Noticed a necrophage
  1819 | D:3      | Killed a necrophage
  1819 | D:3      | Reached skill level 6 in Axes
  1819 | D:3      | Reached skill level 1 in Dodging
  1819 | D:3      | Reached XP level 5. HP: 42/45 MP: 4/4
  2330 | D:3      | Reached skill level 7 in Axes
  2392 | D:3      | Found a transporter.
  2408 | D:3      | Found a transporter.
  2538 | D:3      | Found a glowing golden altar of the Shining One.
  2683 | D:3      | Found a burning altar of Makhleb.
  3178 | D:4      | Reached XP level 6. HP: 48/51 MP: 5/5
  3425 | D:4      | Reached skill level 8 in Axes
  4056 | D:5      | Entered Level 5 of the Dungeon
  4168 | D:5      | Reached skill level 9 in Axes
  4168 | D:5      | Reached XP level 7. HP: 57/57 MP: 6/6
  4228 | D:5      | Slain by a hornet zombie

Levels and vault maps discovered:
D:1:      tarquinn_simple_flora_water_b, layout_basic, minmay_tree_intersection,
          chequers_avenue
D:2:      layout_basic, kennysheep_slug_shrine, marbit_many_paths,
          chequers_temple_overflow_statue_of_worship, minivault_24
D:3:      gammafunk_steamed_eel, layout_loops_ring, tso_altar, bloody_makhleb,
          first_ration, due_unseen_surprise
D:4:      layout_loops_cross, serial_rivers, chequers_serial_rivers_large_a,
          chequers_serial_rivers_micro_b, chequers_serial_rivers_large_b,
          chequers_serial_rivers_micro_e, chequers_serial_rivers_small_3
D:5:      layout_basic, lemuel_zombie_altar_yredelemnul, kennysheep_mini

Skill      XL: |  1  2  3  4  5  6 |
---------------+-------------------+-----
Axes           | 3 4 5 6 7 9 |  9.1
Dodging        | 1 |  1.0
Fighting       | |  3.6
Armour         | |  3.6
Shields        | |  3.6

Action                   |  1- 3 |  4- 6 |  7- 9 || total
-------------------------+-------+-------+-------++-------
Melee: War axe           |   122 |   136 |    11 ||   269
       Headbutt          |    11 |    21 |     4 ||    36
  Use: Scroll            |       |     5 |       ||     5
  Eat: Chunk             |     2 |     9 |       ||    11
Armor: Scale mail        |    55 |    40 |     2 ||    97
Dodge: Dodged            |    34 |    42 |     4 ||    80
Block: Shield            |    65 |    72 |     4 ||   141
